 Dungeon Crawl Stone Soup version 0.30-a0-591-g3c58d2bc28 (webtiles) character file.

Game seed: 12148343351847760386

4099 Newt the Covert (level 10, -6/71 HPs)
             Began as a Demonspawn Gladiator on Jan 4, 2023.
             Was a High Priest of Okawaru.
             Killed by divine providence
             ... invoked by an orc priest
              (14 damage)
             ... on level 8 of the Dungeon.
             The game lasted 00:07:24 (7864 turns).

Newt the Covert (Demonspawn Gladiator)              Turns: 7864, Time: 00:07:24

Health: -6/71      AC:  5    Str: 12 (14) XL:     10   Next: 6%
Magic:  19/19      EV: 13    Int:  9      God:    Okawaru [*****.]
Gold:   568        SH:  6    Dex: 19 (20) Spells: 9/9 levels left

rFire   . . .      SeeInvis .    g - +4 sling (flame)
rCold   . . .      Faith    .    (no shield)
rNeg    . . .      Spirit   .    b - +0 leather armour
rPois   .          Reflect  .    (helmet unavailable)
rElec   .          Harm     .    (no cloak)
rCorr   .          Rampage  .    o - +1 pair of gloves
Will    +....                    (no boots)
Stlth   ++++                     (no amulet)
HPRegen 0.31/turn                h - ring of willpower
MPRegen 0.16/turn                j - ring of magical power

@: no status effects
A: horns 3, large bone plates 2, spiny 2
a: Renounce Religion, Heroism, Finesse, Duel


You were on level 8 of the Dungeon.
You worshipped Okawaru.
Okawaru was extremely pleased with you.
You visited 1 branch of the dungeon, and saw 8 of its levels.

You collected 568 gold pieces.

Inventory:

Hand Weapons
 a - a +0 rapier
 g - a +4 sling of flaming (weapon)
Missiles
 d - a throwing net
 e - a javelin
 n - 31 poisoned darts
Armour
 b - a +0 leather armour (worn)
 c - a +0 helmet
 f - the +0 plate armour of Kieloaz {rPois rF- rCorr Int+3}
   (You found it on level 3 of the Dungeon)

   Int:       It affects your intelligence (+3).
   rF:        It makes you vulnerable to fire.
   rPois:     It protects you from poison.
   rCorr:     It protects you from acid and corrosion.
 o - a +1 pair of gloves (worn)
Jewellery
 h - a ring of willpower (left hand)
 j - a ring of magical power (right hand)
 m - a ring of wizardry
Wands
 y - a wand of flame (21)
Scrolls
 i - 3 scrolls of fog
 u - 2 scrolls of teleportation
 D - 2 scrolls of identify
Potions
 k - a potion of flight
 l - a potion of lignification
 p - 3 potions of haste
 q - 2 potions of might
 s - 2 potions of degeneration
 t - a potion of attraction
 v - 2 potions of cancellation {unknown}
 w - a potion of berserk rage {unknown}
 x - a potion of ambrosia
 z - a potion of brilliance {unknown}
 A - a potion of invisibility {unknown}
 B - a potion of mutation {unknown}
 C - a potion of curing


   Skills:
 - Level 4.0 Fighting
 - Level 2.6 Short Blades
 - Level 8.0 Ranged Weapons
 - Level 1.7 Throwing
 + Level 3.0 Armour
 - Level 4.0 Dodging
 - Level 10.0 Stealth


You had 9 spell levels left.
You didn't know any spells.
Your spell library contained the following spells:

 Spells                   Type           Power      Damage    Failure   Level
 Kiss of Death            Conj/Necr      0%         2d5       45%         1
 Blink                    Tloc           0%         N/A       61%         2
 Ensorcelled Hibernation  Hex/Ice        0%         N/A       61%         2
 Momentum Strike          Conj/Tloc      0%         3d8       61%         2
 Passwall                 Tmut/Erth      0%         N/A       61%         2
 Confusing Touch          Hex            0%         N/A       83%         3
 Lesser Beckoning         Tloc           0%         N/A       83%         3
 Swiftness                Air            0%         N/A       83%         3
 Dispel Undead            Necr           0%         3d6       99%         4
 Orb of Destruction       Conj           0%         9d5       100%        7
 Summon Guardian Golem    Hex/Summ       Unusable   N/A       N/A         3
 Spellforged Servitor     Conj/Summ      Unusable   N/A       N/A         7

Dungeon Overview and Level Annotations

Branches:
Dungeon (8/15)             Temple (0/1) D:7
   Lair: D:8-11

Altars:
Okawaru
Vehumet
Wu Jian
Yredelemnul

Shops:
D:7 (


Innate Abilities, Weirdness & Mutations

You have a pair of large horns on your head.
You are mostly covered in large bone plates. (SH +6)
You are mostly covered in sharp spines.


Message History

Press: ? - help, Q - select action, (/) - cycle Shift-Dir - straight line, f/p - gnoll sergeant
Aim: a gnoll sergeant, wielding a +0 spear and wearing a +0 ring mail (lightly wounded, 75% to hit)
You shoot a sling bullet.
The sling bullet hits the gnoll sergeant.
The sling bullet burns the gnoll sergeant.
The gnoll sergeant is moderately wounded.
The orc priest mumbles some strange prayers to Beogh against you.
Beogh smites you!
* * * LOW HITPOINT WARNING * * *
The gnoll sergeant barely misses you.
Fire: g) +4 sling (flame)
Press: ? - help, Q - select action, (/) - cycle Shift-Dir - straight line, f - orc priest, p - gnoll sergeant
Aim: an orc priest, wielding a +0 mace and wearing a +0 scale mail (severely wounded, 72% to hit)
You shoot a sling bullet.
The sling bullet hits the gnoll sergeant but does no damage.
The gnoll sergeant is moderately wounded.
The gnoll sergeant hits you from afar with a +0 spear!
* * * LOW HITPOINT WARNING * * *
You feel much better.
The gnoll sergeant hits you from afar with a +0 spear.
* * * LOW HITPOINT WARNING * * *
Fire: g) +4 sling (flame)
Press: ? - help, Q - select action, (/) - cycle Shift-Dir - straight line, f/p - orc priest
Aim: an orc priest, wielding a +0 mace and wearing a +0 scale mail (severely wounded, 72% to hit)
You shoot a sling bullet.
The sling bullet barely misses the gnoll sergeant.
The sling bullet hits the orc priest.
The sling bullet burns the orc priest.
The orc priest is almost dead.
The gnoll sergeant hits you from afar with a +0 spear!
* * * LOW HITPOINT WARNING * * *
Throw: 2 throwing nets
Press: ? - help, Shift-Dir - straight line, f/p - orc priest
Aim: an orc priest, wielding a +0 mace and wearing a +0 scale mail (almost dead, 66% to hit)
You throw a throwing net.
The throwing net closely misses the gnoll sergeant.
The throwing net hits the orc priest.
The orc priest is caught in the net!
The orc priest is almost dead.
The orc priest mumbles some strange prayers to Beogh against you.
Beogh smites you!
You die...

#.##########. #..........#.
#..........'. #......##..#.
##.....##..## #...........#
#...........+
###########...........#
##ggog.@...(......##..##
****######..#########......##..##
,,,,......†)†.........)†......P..
~~~~~~~~~....~~≈~~~~~~~~~~~~~~~~.
~~~~≈≈≈~~....~≈≈≈≈≈≈≈≈≈≈≈≈≈≈~≈≈~.
~~~~~~~~~..o.~~~~≈~~~~~≈~#####≈~.
,,,,......gg.............#,O.#≈~.
****#####''''#############,..#~~.
,,,,,,,,#..).#,,,,,,+,,,,*+###~~P


You could see 3 gnoll sergeants and an orc priest (caught).

Vanquished Creatures
  A two-headed ogre (D:6)
  An unseen horror (D:6)
  2 wraiths (D:6)
  4 water moccasins
  An ice beast (D:6)
  A sky beast (D:2)
  A black bear (D:6)
  An ogre (D:7)
  2 phantoms
  2 kobold brigands
  A necrophage (D:8)
  3 bullfrogs
  7 scorpions
  3 killer bees (D:8)
  3 howler monkeys (D:8)
  2 orc priests (D:8)
  8 hounds
  A jelly (D:6)
  A gnoll bouda (D:8)
  5 iguanas
  7 orc wizards
  15 gnolls
  6 adders
  A white imp (D:7)
  2 dart slugs
  18 orcs
  8 endoplasms
  6 giant cockroaches
  9 goblins
  5 hobgoblins
  6 jackals (D:5)
  18 kobolds
  7 quokkas
  8 ball pythons
  4 bats
  6 frilled lizards
  5 rats
181 creatures vanquished.

Vanquished Creatures (others)
  A fungus (D:8)
  13 plants (D:8)
14 creatures vanquished.

Grand Total: 195 creatures vanquished

Notes
Turn   | Place    | Note
-------+----------+-------------------------------------------
     0 | D:1      | Newt the Demonspawn Gladiator began the quest for the Orb.
     0 | D:1      | Reached XP level 1. HP: 16/16 MP: 1/1
    56 | D:1      | Reached skill level 1 in Stealth
   147 | D:1      | Gained mutation: You are partially covered in large bone
                  | plates. (SH +4) [demonic ancestry]
   147 | D:1      | Reached XP level 2. HP: 22/22 MP: 2/2
   221 | D:1      | Reached skill level 2 in Stealth
   488 | D:1      | Reached skill level 1 in Ranged Weapons
   832 | D:1      | Reached XP level 3. HP: 27/27 MP: 3/3
  1405 | D:2      | Found an iron altar of Okawaru.
  1544 | D:2      | Became a worshipper of Warmaster Okawaru
  1752 | D:3      | Gained mutation: You are partially covered in sharp spines.
                  | [demonic ancestry]
  1752 | D:3      | Reached XP level 4. HP: 33/33 MP: 4/4
  1812 | D:3      | Gained mutation: You have a pair of small horns on your
                  | head. [demonic ancestry]
  1812 | D:3      | Reached XP level 5. HP: 22/38 MP: 5/5
  1982 | D:3      | Identified the +1 leather armour "Jyir" {rElec rC++ Str+4
                  | Dex-3}
  2040 | D:3      | Noticed a sky beast
  2069 | D:2      | Killed a sky beast
  2069 | D:2      | Reached * piety under Okawaru
  2403 | D:3      | Found a basalt altar of Yredelemnul.
  2411 | D:3      | Identified the +0 plate armour of Kieloaz {rPois rF- rCorr
                  | Int+3}
  2413 | D:3      | Identified the +2 chain mail of Prudence {MP+9 Int+3}
  2683 | D:4      | Reached skill level 5 in Ranged Weapons
  2683 | D:4      | Reached XP level 6. HP: 46/46 MP: 6/6
  3205 | D:4      | Gained mutation: You have a pair of horns on your head.
                  | [demonic ancestry]
  3205 | D:4      | Reached XP level 7. HP: 45/54 MP: 7/7
  3419 | D:5      | Entered Level 5 of the Dungeon
  3476 | D:5      | Reached ** piety under Okawaru
  3477 | D:5      | Reached skill level 1 in Armour
  4219 | D:6      | Reached skill level 3 in Stealth
  4288 | D:6      | Found an ornate altar of the Wu Jian Council.
  4537 | D:6      | Reached skill level 4 in Stealth
  4537 | D:6      | Gained mutation: You are mostly covered in large bone
                  | plates. (SH +6) [demonic ancestry]
  4537 | D:6      | Reached XP level 8. HP: 53/60 MP: 8/8
  4586 | D:6      | Reached skill level 5 in Stealth
  4701 | D:6      | Reached *** piety under Okawaru
  4713 | D:6      | Reached skill level 6 in Stealth
  4718 | D:6      | Killed an unseen horror
  4719 | D:6      | Reached skill level 7 in Stealth
  5207 | D:6      | Reached skill level 8 in Stealth
  5272 | D:6      | Gained mutation: You are mostly covered in sharp spines.
                  | [demonic ancestry]
  5272 | D:6      | Reached XP level 9. HP: 44/65 MP: 9/9
  5378 | D:6      | Noticed a two-headed ogre
  5390 | D:6      | Killed a two-headed ogre
  5390 | D:6      | Reached **** piety under Okawaru
  5391 | D:6      | Reached skill level 10 in Stealth
  6361 | D:7      | Found Jauraos's Weapon Boutique.
  7118 | D:7      | Found a staircase to the Ecumenical Temple.
  7278 | D:8      | Reached ***** piety under Okawaru
  7659 | D:8      | Gained mutation: You have a pair of large horns on your
                  | head. [demonic ancestry]
  7659 | D:8      | Reached XP level 10. HP: 65/71 MP: 10/10
  7684 | D:8      | Found a radiant altar of Vehumet.
  7861 | D:8      | HP: 2/71 [gnoll sergeant/+0 spear (8)]
  7864 | D:8      | Killed from afar by an orc priest

Illustrated notes

Levels and vault maps discovered:
D:1:      lemuel_arrival_river_passageway, layout_basic
D:2:      layout_basic, basic_altar, kennysheep_cross_room,
          chequers_serial_rivers_small_b, kennysheep_generic_room_8
D:3:      layout_basic, mainiacjoe_overflow_tiny_flanked, minmay_joined_circles
D:4:      minmay_evil_eye, layout_basic, grunt_ministairs_13
D:5:      layout_cave_pools
D:6:      minmay_cornered_nines, layout_basic,
          mainiacjoe_overflow_cross_hatched, uniq_crazy_yiuf_cottage
D:7:      layout_loops_cross, temple_green, serial_shops, shop
D:8:      lemuel_castle_with_subvaults [lemuel_castle_interior_carwin_2],
          layout_gridville, mainiacjoe_overflow_boulevard, serial_bayou_lagoon_a

Skill      XL: |  1  2  3  4  5  6  7  8  9 10 |
---------------+-------------------------------+-----
Stealth        | 1 2 4 8 10 | 10.0
Ranged Weapons | 1 2 3 5 7 8 |  8.0
Fighting       | 4 |  4.0
Dodging        | 3 4 |  4.0
Armour         | 3 |  3.0
Short Blades   | |  2.6
Throwing       | |  1.7

Action                   |  1- 3 |  4- 6 |  7- 9 | 10-12 || total
-------------------------+-------+-------+-------+-------++-------
Melee: Rapier            |    22 |       |       |       ||    22
       Sling             |       |     3 |       |       ||     3
 Fire: Sling             |    82 |   138 |   335 |    34 ||   589
Throw: Throwing net      |       |       |     1 |     1 ||     2
Invok: Heroism           |       |       |     1 |       ||     1
  Use: Scroll            |     8 |     5 |     9 |       ||    22
       Potion            |       |     1 |     4 |     1 ||     6
Armor: Leather armour    |    23 |    27 |    25 |     1 ||    76
Dodge: Dodged            |    37 |    24 |    86 |     8 ||   155
Block: Other             |     3 |     8 |    36 |     2 ||    49

Table legend: (Time is in decaauts)
 A = Elapsed time spent in this place.
 B = Non-inter-level travel time spent in this place.
 C = Inter-level travel time spent in this place.
 D = Time resting spent in this place.
 E = Time spent auto-exploring this place.
 F = Levels seen in this place.
 G = Mean time per level.
                   A        B        C        D        E       F      G
               +--------+--------+--------+--------+--------+-----+--------+
         Total |   8015 |   7777 |    238 |   1806 |   4840 |   8 | 1001.9 |
       Dungeon |   8015 |   7777 |    238 |   1806 |   4840 |   8 | 1001.9 |
               +--------+--------+--------+--------+--------+-----+--------+

Top non-repeatable levels by time:
     D:6: 2166 daAuts
     D:2: 1083 daAuts
     D:1: 973 daAuts
     D:7: 819 daAuts
     D:4: 812 daAuts
     D:5: 808 daAuts
     D:8: 728 daAuts
     D:3: 623 daAuts
